 Dungeon Crawl Stone Soup version 0.16.1-25-gbcee3f8 (webtiles) character file.

66 fungee the Caller (level 3, -1/24 HPs)
             Began as a Mummy Summoner on May 17, 2015.
             Was a Follower of Yredelemnul.
             Killed from afar by Ijyb (7 damage)
             ... with a wand of magic darts
             ... on level 1 of the Dungeon.
             The game lasted 00:06:50 (2875 turns).

fungee the Caller (Mummy Summoner)                  Turns: 2875, Time: 00:06:51

Health: -1/24      AC:  3    Str: 11    XL:     3   Next: 96%
Magic:  2/7        EV: 11    Int: 15    God:    Yredelemnul [*.....]
Gold:   89         SH:  0    Dex: 12    Spells: 2 memorised, 5 levels left

rFire  x . .     SeeInvis .     c - +2 short sword (elec)
rCold  + . .     Clarity  .     d - +0 leather armour
rNeg   + + +     SustAb   .     (no shield)
rPois  ∞         Gourm    .     (no helmet)
rElec  .         Spirit   .     (no cloak)
rCorr  .         Warding  .     (no gloves)
rMut   .         Stasis   .     (no boots)
MR     .....                    (no amulet)
Stlth  +.........               (no ring)
                                (no ring)

@: not resistant to hostile enchantments, very unstealthy
A: no food or potions, fire vulnerability, restore body, cold resistance 1,
negative energy resistance 3, poison resistance, torment resistance, unbreathing
a: Animate Remains, Renounce Religion


You were on level 1 of the Dungeon.
You worshipped Yredelemnul.
Yredelemnul was aware of your devotion.
You were not hungry.

You visited 1 branch of the dungeon, and saw 2 of its levels.

You collected 89 gold pieces.

Inventory:

Hand weapons
 c - a +2 short sword of electrocution (weapon)
 j - a +0 lajatang
Armour
 a - a +0 robe
 d - a +0 leather armour (worn)
 i - a +0 ring mail
Scrolls
 e - 3 scrolls of remove curse
 f - a scroll of identify
 g - 2 scrolls of fear
 h - a scroll of teleportation {unknown}
Books
 b - a book of Callings

   Spells                             Type                      Level
   a - Summon Small Mammal            Summoning                    1
   b - Call Imp                       Summoning                    2
   c - Call Canine Familiar           Summoning                    3
   d - Summon Guardian Golem          Hexes/Summoning              4
   e - Summon Lightning Spire         Summoning/Air                4
   f - Summon Ice Beast               Ice/Summoning                4


   Skills:
 + Level 0.5 Short Blades
 - Level 1.5 Dodging
 - Level 1.5 Stealth
 - Level 3.0 Spellcasting
 - Level 4.0 Summonings


You had 5 spell levels left.
You knew the following spells:

 Your Spells              Type           Power        Failure   Level  Hunger
a - Summon Small Mammal   Summ           ##..         6%          1    N/A
b - Call Imp              Summ           ##......     10%         2    N/A

Dungeon Overview and Level Annotations

Branches:
Dungeon (2/15)

Altars:
Yredelemnul

Annotations:
D:1 Ijyb


Innate Abilities, Weirdness & Mutations

You do not eat or drink.
Your flesh is vulnerable to fire.
Your flesh is cold resistant.
You are immune to negative energy.
Your system is resistant to poisons.
You are immune to unholy pain and torment.
You can survive without breathing.


Message History

Casting: Call Imp
Confirm with . or Enter, or press ? or * to list all spells.
A beastly little devil appears in a puff of flame.
You climb downwards.
Your summoned allies are left behind.
Level annotation: Ijyb Ijyb zaps a wand.
The magic dart hits you! Ijyb hits you.
There is a stone staircase leading up here.
Ijyb grins evilly.
Ijyb hits you.
You climb upwards.
Your iron imp disappears in a puff of smoke!
Your white imp disappears in a puff of smoke!
Your crimson imp disappears in a puff of smoke!
There is a stone staircase leading down here.
Ijyb screams, "You nasty!
Big nasty!"
Ijyb zaps a wand.
The magic dart hits you!
* * * LOW HITPOINT WARNING * * *
Ijyb zaps a wand.
The magic dart hits you!
You die...
Yredelemnul claims you as an undead slave.

..#.............## #
##############...####### # #
##)..............# # #
#...####..>#####.#### # #
###.(........g# #....# ## #
###........#..#.# ####.######. #
#..........#..#.# #.......#
###.#........#..#.## ###########.
.............#..@..# #.....#####.
###.##.....###.##..###.###.......
.............#.##.............##.
##.###.....#.#...!.....###.##.##.
....###...##.#####.##### #.##.##.
.....###.###.## #.# #.##.##.
......##.##...## #.# #.......
......##.#.....###.# ####....%(.
....#..............# #.......##.


You could see Ijyb.

Vanquished Creatures
  An adder (D:2)
  2 giant geckos (D:1)
  6 bats
  2 giant cockroaches
  6 goblins
  5 hobgoblins
  7 kobolds
  A giant newt (D:2)
  A quokka (D:2)
  3 rats
34 creatures vanquished.

Vanquished Creatures (collateral kills)
  Jessica (D:2)
  2 worms (D:2)
  An ooze (D:1)
  2 goblins
  A kobold (D:2)
  A giant newt (D:2)
8 creatures vanquished.

Vanquished Creatures (others)
  A crimson imp (D:2)
  A white imp (D:2)
  A bat zombie (D:1)
  3 quokkas (D:2)
  7 bats
  A quokka zombie (D:2)
  6 rats
20 creatures vanquished.

Grand Total: 62 creatures vanquished

Notes
Turn   | Place    | Note
--------------------------------------------------------------
     0 | D:1      | fungee, the Mummy Summoner, began the quest for the Orb.
     0 | D:1      | Reached XP level 1. HP: 13/13 MP: 3/3
    94 | D:2      | Noticed Jessica
   109 | D:2      | Killed Jessica
   109 | D:2      | Reached XP level 2. HP: 1/19 MP: 1/4
   286 | D:1      | Learned a level 2 spell: Call Imp
   789 | D:2      | Reached skill level 4 in Summonings
  1269 | D:2      | Reached XP level 3. HP: 22/24 MP: 6/6
  1294 | D:2      | Found a basalt altar of Yredelemnul.
  1314 | D:2      | Became a worshipper of Yredelemnul the Dark
  1985 | D:1      | Acquired Yredelemnul's first power
  2562 | D:2      | Noticed Ijyb
  2875 | D:1      | Killed from afar by Ijyb

Action                   || total
-------------------------++-------
Melee: Unarmed           ||    24
       Short sword       ||    74
 Cast: Summon Small Mamm ||    46
       Call Imp          ||     9
Invok: Animate Remains   ||     2
  Use: Scroll            ||     3
 Stab: Sleeping          ||     1
